Map: [ESL] Gresvan

Players

IGXY (XY) - Winner!

  • Race: Terran Terran
  • Spawn Location: 11:00

MeomaikA

  • Race: Zerg Zerg
  • Spawn Location: 5:00

Event: ESL SC2 Masters 2023 Summer (Regionals)

VOD

Have the link to the VOD?

Description

Time

  • Played on: May 14, 2023, 6:32 a.m.
  • Length: 8:29
Show
View Real Time Build Order
Export as new Build Order

IGXY Terran - Winner!

Build Orders: Reaper Expand 

Get SALT Encoding   

  12  0:00  SCV  
  13  0:12  SCV  
  14  0:17  Supply Depot  
  14  0:24  SCV  
  15  0:38  SCV  
  15  0:40  Barracks  
  15  0:42  Refinery  
  16  0:50  SCV  
  17  1:02  SCV  
  18  1:14  SCV  
  19  1:27  Orbital Command, Reaper  
  20  1:39  Command Center  
  20  1:48  Supply Depot  
  20  1:53  SCV  
  21  1:59  Marine  
  22  2:05  SCV  
  23  2:13  Factory  
  23  2:16  Marine  
  23  2:17  SCV  
  23  2:18  Refinery  
  25  2:29  SCV  
  26  2:34  Marine  
  27  2:40  Bunker  
  27  2:41  SCV  
  27  2:43  Bunker  
  28  2:52  Marine  
  28  2:53  SCV  
  30  3:00  Factory Tech Lab  
  30  3:03  Orbital Command  
  30  3:05  SCV  
  31  3:10  Marine  
  32  3:17  SCV  
  36  3:28  Marine  
  36  3:29  SCV x2  
  36  3:30  Siege Tank  
  39  3:40  Command Center  
  39  3:42  SCV  
  39  3:44  SCV  
  39  3:45  Supply Depot  
  41  3:48  Marine  
  41  3:54  SCV  
  41  3:55  Starport  
  43  3:56  SCV  
  44  4:06  Marine, Siege Tank  
  44  4:08  SCV  
  49  4:12  Supply Depot  
  39  4:28  SCV  
  31  4:38  Barracks Tech Lab  
  31  4:40  SCV  
  31  4:41  Orbital Command  
  31  4:42  Siege Tank  
  31  4:45  Starport Tech Lab  
  32  4:52  Orbital Command, SCV  
  32  4:55  Bunker  
  32  4:57  Marine  
  34  5:07  Banshee  
  34  5:13  Orbital Command  
  37  5:14  Marine  
  37  5:18  Fusion Core  
  37  5:20  SCV  
  38  5:32  SCV, Marine  
  40  5:40  SCV  
  41  5:44  SCV  
  42  5:50  Marine, Viking  
  42  5:52  SCV  
  42  5:55  Orbital Command  
  42  5:56  SCV  
  47  6:04  SCV  
  48  6:08  Marine, SCV  
  48  6:11  Command Center  
  50  6:16  SCV  
  49  6:21  Orbital Command, SCV  
  49  6:28  SCV, Refinery  
  49  6:29  Refinery  
  49  6:32  Marine, Siege Tank  
  54  6:33  SCV  
  54  6:36  Bunker  
  54  6:37  Supply Depot  
  54  6:38  Supply Depot  
  55  6:40  SCV  
  55  6:45  SCV  
  56  6:50  Marine  
  56  6:51  SCV  
  56  6:52  SCV  
  46  6:57  SCV  
  46  7:03  SCV  
  46  7:04  SCV  
  49  7:09  SCV  
  49  7:13  Battlecruiser  
  49  7:15  SCV  
  53  7:16  SCV  
  53  7:21  SCV  
  54  7:24  Orbital Command  
  54  7:27  SCV  
  54  7:28  SCV, Barracks Reactor  
  55  7:33  SCV  
  52  7:39  SCV  
  52  7:40  SCV  
  54  7:45  SCV  
  55  7:51  SCV  
  55  7:52  SCV  
  55  7:53  SCV, Bunker  
  55  7:57  SCV  
  59  8:03  SCV  
  59  8:05  SCV x2  
  62  8:09  SCV  
  63  8:15  Supply Depot  
  72  8:27  Supply Depot  
Show
View Real Time Build Order
Export as new Build Order

MeomaikA Zerg 

Build Orders: Pool First 

Get SALT Encoding   

  12  0:00  Drone  
  13  0:12  Overlord  
  13  0:17  Drone  
  14  0:31  Drone x2  
  14  0:34  Drone  
  17  0:44  Spawning Pool  
  17  0:48  Drone  
  17  1:09  Drone  
  17  1:10  Hatchery  
  17  1:12  Extractor  
  17  1:15  Drone  
  17  1:31  Zergling x4  
  19  1:33  Roach Warren  
  18  1:43  Queen  
  20  1:50  Overlord  
  20  2:12  Roach  
  20  2:13  Roach x2  
  26  2:22  Roach  
  28  2:24  Drone  
  29  2:34  Drone  
  29  2:35  Drone  
  30  2:50  Drone x2, Metabolic Boost  
  32  2:53  Zergling x6  
  35  3:01  Overlord  
  35  3:20  Zergling x10  
  35  3:23  Zergling x2  
  35  3:24  Zergling x4  
  43  3:29  Overlord  
  43  3:49  Zergling x8  
  43  3:50  Ravager  
  43  3:51  Ravager  
  43  3:55  Zergling x2  
  50  3:59  Zergling x2  
  51  4:08  Overlord  
  51  4:15  Zergling x2  
  48  4:17  Zergling x4  
  48  4:20  Zergling x2  
  48  4:21  Zergling x4  
  41  4:28  Zergling x4  
  41  4:29  Zergling x2  
  41  4:31  Zergling x4  
  37  4:41  Drone  
  37  4:42  Drone, Queen  
  39  4:53  Drone x2  
  40  5:02  Drone x3  
  40  5:05  Drone  
  40  5:06  Drone  
  45  5:24  Roach x2, Overlord  
  45  5:28  Roach  
  51  5:30  Extractor  
  51  5:34  Roach, Zergling x2  
  51  5:35  Zergling x4  
  55  5:41  Zergling x2  
  56  5:47  Zergling x2  
  57  5:51  Zergling x2  
  57  5:56  Zergling x2  
  59  5:58  Overlord  
  59  5:59  Zergling x4  
  59  6:01  Overlord  
  61  6:05  Hatchery  
  60  6:12  Overlord  
  60  6:14  Ravager  
  60  6:18  Ravager x2  
  59  6:19  Ravager  
  59  6:20  Zergling x8  
  59  6:24  Zergling x2  
  64  6:27  Spore Crawler  
  62  6:34  Zergling x6  
  62  6:37  Zergling x2  
  66  6:40  Zergling x2  
  66  6:42  Zergling x2  
  63  6:50  Zergling x2  
  63  6:51  Zergling x2  
  63  6:53  Zergling x2  
  63  6:54  Zergling x4  
  58  6:58  Zergling x2  
  51  7:05  Drone  
  51  7:06  Lair  
  44  7:09  Drone  
  45  7:15  Drone  
  45  7:19  Drone  
  47  7:26  Drone  
  42  7:32  Drone  
  37  7:38  Drone x6  
  37  7:41  Extractor, Queen  
  44  7:46  Zergling x4  
  44  7:49  Drone x2  
  48  7:54  Zergling x2  
  48  7:57  Zergling x2  
  50  8:03  Spore Crawler  
  50  8:05  Spire  
  48  8:08  Drone  
  48  8:09  Extractor, Drone  
  48  8:10  Drone  
  50  8:14  Overseer  
Tags
 
Add a new tag
Caveats
  • Supply blocks, unpowered buildings, or Contaminate may cause inaccurate times.
  • Supply counts are checked every 10 seconds.